[ AOE2 MATCH · #513641121 ]
UnrankedTeutons vs Teutons
Player's team · LOSS
Rival team · WIN
[ REPLAY ANALYSIS · EXTRACTED FROM THE RECORDED GAME ]
Feudal
8:55
Castle
23:11
Imperial
38:44
| APM avg | 36.1 |
| APM peak | 83 |
| eAPM avg | 24.4 |
| Villagers / military | 128 / 135 |
Focus
⚔️ 31.4% · 🌾 68.6%
Spearman ×96 · Hand Cannoneer ×18 · Teutonic Knight ×11 · Trebuchet (Packed) ×8 · Mangonel ×2
Feudal
12:39
Castle
19:17
Imperial
44:55
| APM avg | 28.0 |
| APM peak | 52 |
| eAPM avg | 15.9 |
| Villagers / military | 134 / 196 |
Focus
⚔️ 24.5% · 🌾 75.5%
Knight ×159 · Petard ×10 · Monk ×8 · Trebuchet (Packed) ×7 · Scout Cavalry ×6 · Battering Ram ×4
Match map
Initial resources + every placement click. Lines = walls · curves = elevation contours. ◆ gold · ⬟ stone · ● berries · ✦ relic · ◌ wall gap
Your base· ✓ Closed at 23:11 · 2t walls · 2 gate(s)
afi012290's base· ✓ Closed at 19:17 · 1t walls · 7 gate(s)
Smoothed initial terrain · ◌ = detected wall gap · hover for details
Inputs per minute
— David_77 - - afi012290
Build order — David_77
First 150 of 397 actions detected
| 0:00 | Queue | Villager (Male) |
| 0:01 | Queue | Villager (Male) |
| 0:01 | Queue | Villager (Male) |
| 0:01 | Queue | Villager (Male) |
| 0:02 | Build | House |
| 0:03 | Build | House |
| 1:25 | Queue | Villager (Male) |
| 1:45 | Build | Lumber Camp |
| 1:57 | Queue | Villager (Male) |
| 1:57 | Queue | Villager (Male) |
| 2:18 | Queue | Villager (Male) |
| 2:18 | Queue | Villager (Male) |
| 2:55 | Queue | Villager (Male) |
| 2:55 | Queue | Villager (Male) |
| 2:59 | Queue | Villager (Male) |
| 2:59 | Queue | Villager (Male) |
| 3:43 | Queue | Villager (Male) |
| 3:44 | Queue | Villager (Male) |
| 3:44 | Queue | Villager (Male) |
| 3:52 | Build | House |
| 4:20 | Build | Mill |
| 4:31 | Queue | Villager (Male) |
| 4:59 | Queue | Villager (Male) |
| 5:10 | Queue | Villager (Male) |
| 5:10 | Queue | Villager (Male) |
| 5:11 | Queue | Villager (Male) |
| 5:11 | Queue | Villager (Male) |
| 6:46 | Research | Feudal Age |
| 6:59 | Build | House |
| 7:01 | Build | Mining Camp |
| 8:19 | Research | Loom |
| 8:19 | Queue | Villager (Male) |
| 8:55 | Age | Feudal Age |
| 8:57 | Build | Watch Tower |
| 9:10 | Queue | Villager (Male) |
| 9:16 | Build | House |
| 9:17 | Build | Blacksmith |
| 9:34 | Queue | Villager (Male) |
| 9:52 | Queue | Villager (Male) |
| 10:03 | Build | Watch Tower |
| 11:04 | Queue | Villager (Male) |
| 11:10 | Build | Watch Tower |
| 11:20 | Queue | Villager (Male) |
| 11:36 | Queue | Villager (Male) |
| 11:39 | Build | Farm |
| 11:40 | Build | Farm |
| 11:42 | Queue | Villager (Male) |
| 11:44 | Build | Farm |
| 11:45 | Build | Farm |
| 12:12 | Queue | Villager (Male) |
| 12:15 | Build | Farm |
| 12:18 | Build | Farm |
| 12:43 | Build | Watch Tower |
| 13:11 | Queue | Villager (Male) |
| 13:13 | Queue | Villager (Male) |
| 14:04 | Queue | Villager (Male) |
| 14:07 | Build | House |
| 14:18 | Queue | Villager (Male) |
| 14:29 | Build | House |
| 14:33 | Build | Mining Camp |
| 14:45 | Queue | Villager (Male) |
| 14:55 | Build | Watch Tower |
| 15:00 | Queue | Villager (Male) |
| 15:43 | Queue | Villager (Male) |
| 15:48 | Build | Farm |
| 15:50 | Build | House |
| 16:15 | Queue | Villager (Male) |
| 16:26 | Queue | Villager (Male) |
| 16:28 | Build | Farm |
| 16:47 | Queue | Villager (Male) |
| 17:01 | Build | Watch Tower |
| 17:33 | Queue | Villager (Male) |
| 17:39 | Research | Fletching |
| 18:43 | Queue | Villager (Male) |
| 18:46 | Build | Market |
| 19:16 | Queue | Villager (Male) |
| 19:18 | Build | Farm |
| 19:49 | Queue | Villager (Male) |
| 19:51 | Build | Farm |
| 19:52 | Build | Farm |
| 19:55 | Build | Farm |
| 19:58 | Build | Farm |
| 20:20 | Build | Barracks |
| 20:31 | Research | Castle Age |
| 20:52 | Build | House |
| 20:54 | Build | House |
| 20:55 | Queue | Spearman |
| 21:05 | Build | Palisade Wall |
| 21:07 | Build | Stone Wall |
| 21:37 | Research | Double-Bit Axe |
| 21:47 | Queue | Spearman |
| 21:47 | Queue | Spearman |
| 22:02 | Build | Lumber Camp |
| 22:13 | Queue | Villager (Male) |
| 22:44 | Queue | Spearman |
| 23:05 | Queue | Villager (Male) |
| 23:11 | Age | Castle Age |
| 23:19 | Build | University |
| 23:35 | Queue | Villager (Male) |
| 23:38 | Research | Bow Saw |
| 23:42 | Research | Horse Collar |
| 23:56 | Research | Guard Tower (upgrade) |
| 24:15 | Build | Farm |
| 24:16 | Build | Farm |
| 24:17 | Build | Farm |
| 24:21 | Queue | Villager (Male) |
| 24:21 | Queue | Villager (Male) |
| 24:38 | Build | Castle |
| 25:21 | Research | Pikeman (upgrade) |
| 25:27 | Queue | Spearman |
| 25:28 | Queue | Spearman |
| 25:28 | Queue | Spearman |
| 26:07 | Queue | Villager (Male) |
| 26:09 | Build | Farm |
| 26:19 | Queue | Villager (Male) |
| 26:22 | Research | Heavy Plow |
| 26:40 | Queue | Villager (Male) |
| 26:57 | Research | Ballistics |
| 27:02 | Research | Pikeman (upgrade) |
| 27:08 | Build | Farm |
| 27:09 | Build | Farm |
| 27:46 | Research | Scale Mail Armor |
| 27:50 | Build | Barracks |
| 28:04 | Build | Barracks |
| 28:05 | Queue | Villager (Male) |
| 28:14 | Build | Siege Workshop |
| 28:15 | Queue | Villager (Male) |
| 28:37 | Build | Castle |
| 28:41 | Queue | Villager (Male) |
| 28:53 | Queue | Villager (Male) |
| 28:55 | Build | Farm |
| 29:06 | Queue | Mangonel |
| 29:09 | Build | Barracks |
| 29:10 | Research | Pikeman (upgrade) |
| 29:10 | Research | Pikeman (upgrade) |
| 29:10 | Queue | Spearman |
| 29:16 | Research | Fortified Wall (upgrade) |
| 29:25 | Queue | Villager (Male) |
| 29:27 | Build | House |
| 29:28 | Build | House |
| 30:03 | Queue | Villager (Male) |
| 30:27 | Build | Farm |
| 30:27 | Build | Farm |
| 30:37 | Queue | Villager (Male) |
| 30:40 | Build | Farm |
| 30:42 | Build | Town Center |
| 30:50 | Queue | Spearman |
| 30:55 | Queue | Villager (Male) |
| 31:00 | Build | Farm |
| 31:01 | Build | Farm |
Build order — afi012290
First 150 of 428 actions detected
| 0:05 | Build | House |
| 0:07 | Build | House |
| 0:26 | Queue | Villager (Male) |
| 0:26 | Queue | Villager (Male) |
| 0:26 | Queue | Villager (Male) |
| 0:26 | Queue | Villager (Male) |
| 1:47 | Queue | Villager (Male) |
| 2:29 | Queue | Villager (Male) |
| 2:29 | Queue | Villager (Male) |
| 2:29 | Queue | Villager (Male) |
| 3:06 | Queue | Villager (Male) |
| 3:06 | Queue | Villager (Male) |
| 3:42 | Queue | Villager (Male) |
| 3:59 | Build | House |
| 4:00 | Build | House |
| 4:15 | Research | Loom |
| 4:25 | Build | House |
| 4:39 | Queue | Villager (Male) |
| 4:39 | Queue | Villager (Male) |
| 5:02 | Build | Lumber Camp |
| 5:06 | Queue | Villager (Male) |
| 5:07 | Queue | Villager (Male) |
| 5:13 | Queue | Villager (Male) |
| 5:47 | Queue | Villager (Male) |
| 6:01 | Queue | Villager (Male) |
| 6:42 | Queue | Villager (Male) |
| 6:42 | Queue | Villager (Male) |
| 7:00 | Build | Barracks |
| 7:06 | Queue | Villager (Male) |
| 7:33 | Queue | Villager (Male) |
| 7:33 | Queue | Villager (Male) |
| 7:48 | Build | House |
| 7:55 | Queue | Villager (Male) |
| 7:55 | Queue | Villager (Male) |
| 8:10 | Build | Mill |
| 8:21 | Queue | Villager (Male) |
| 8:57 | Build | Palisade Gate |
| 9:07 | Queue | Villager (Male) |
| 9:10 | Build | House |
| 9:30 | Build | Palisade Gate |
| 9:56 | Build | Palisade Gate |
| 10:05 | Research | Feudal Age |
| 10:10 | Build | Mining Camp |
| 10:23 | Build | House |
| 10:54 | Build | Farm |
| 10:56 | Build | Farm |
| 10:57 | Build | Farm |
| 10:58 | Build | Farm |
| 10:58 | Build | Farm |
| 11:03 | Build | Farm |
| 11:13 | Build | Farm |
| 11:16 | Queue | Villager (Male) |
| 11:17 | Queue | Villager (Male) |
| 11:43 | Build | Palisade Gate |
| 11:47 | Build | Palisade Wall |
| 11:53 | Queue | Villager (Male) |
| 11:54 | Queue | Villager (Male) |
| 12:39 | Age | Feudal Age |
| 12:47 | Build | Stable |
| 13:00 | Queue | Villager (Male) |
| 13:31 | Queue | Villager (Male) |
| 14:20 | Build | Blacksmith |
| 14:24 | Queue | Villager (Male) |
| 14:34 | Build | Farm |
| 14:35 | Build | Farm |
| 15:05 | Queue | Scout Cavalry |
| 15:06 | Queue | Scout Cavalry |
| 15:32 | Queue | Villager (Male) |
| 15:32 | Queue | Villager (Male) |
| 15:38 | Build | Lumber Camp |
| 15:59 | Build | Farm |
| 16:00 | Build | Farm |
| 16:01 | Build | Farm |
| 16:02 | Build | Farm |
| 16:06 | Build | Farm |
| 16:21 | Build | Farm |
| 16:30 | Build | House |
| 16:37 | Research | Castle Age |
| 16:48 | Build | Farm |
| 16:49 | Build | Farm |
| 17:01 | Build | Stable |
| 17:07 | Queue | Villager (Male) |
| 17:07 | Queue | Villager (Male) |
| 17:34 | Research | Fletching |
| 17:38 | Research | Scale Barding Armor |
| 18:10 | Build | Mill |
| 18:11 | Build | Farm |
| 18:12 | Build | Farm |
| 18:12 | Build | Farm |
| 18:12 | Build | Farm |
| 18:12 | Build | Farm |
| 18:13 | Build | Farm |
| 18:13 | Build | Farm |
| 18:13 | Build | Farm |
| 18:13 | Build | Farm |
| 18:53 | Build | Mining Camp |
| 19:07 | Build | Farm |
| 19:14 | Research | Forging |
| 19:15 | Research | Fletching |
| 19:17 | Age | Castle Age |
| 19:19 | Queue | Knight |
| 19:38 | Build | Farm |
| 19:45 | Queue | Villager (Male) |
| 19:46 | Queue | Villager (Male) |
| 20:16 | Queue | Knight |
| 20:19 | Queue | Villager (Male) |
| 20:36 | Queue | Villager (Male) |
| 21:00 | Queue | Villager (Male) |
| 21:17 | Build | Siege Workshop |
| 21:20 | Queue | Knight |
| 21:22 | Queue | Villager (Male) |
| 21:23 | Queue | Villager (Male) |
| 21:33 | Queue | Villager (Male) |
| 21:33 | Queue | Villager (Male) |
| 21:52 | Queue | Villager (Male) |
| 21:52 | Queue | Villager (Male) |
| 21:57 | Build | House |
| 21:58 | Build | House |
| 22:15 | Queue | Villager (Male) |
| 22:15 | Queue | Villager (Male) |
| 22:23 | Research | Bloodlines |
| 22:26 | Queue | Knight |
| 22:26 | Queue | Knight |
| 22:52 | Queue | Villager (Male) |
| 22:56 | Build | House |
| 22:56 | Build | House |
| 22:57 | Build | House |
| 23:08 | Queue | Knight |
| 23:08 | Queue | Knight |
| 23:34 | Queue | Villager (Male) |
| 24:04 | Queue | Villager (Male) |
| 24:05 | Queue | Villager (Male) |
| 24:07 | Queue | Battering Ram |
| 24:24 | Queue | Villager (Male) |
| 24:24 | Queue | Villager (Male) |
| 24:52 | Queue | Battering Ram |
| 25:07 | Queue | Knight |
| 25:07 | Queue | Knight |
| 25:07 | Queue | Knight |
| 25:07 | Queue | Knight |
| 25:28 | Queue | Knight |
| 25:34 | Queue | Villager (Male) |
| 25:34 | Queue | Villager (Male) |
| 25:52 | Queue | Battering Ram |
| 26:02 | Queue | Scout Cavalry |
| 26:02 | Queue | Scout Cavalry |
| 26:02 | Queue | Scout Cavalry |
| 26:02 | Queue | Scout Cavalry |
| 26:20 | Queue | Knight |
| 26:21 | Queue | Knight |
Match timeline
| 7:00 | afi012290 · first_building Barracks |
| 8:55 | David_77 · age_up feudal |
| 11:47 | afi012290 · wall_segment Palisade Wall x1 |
| 12:39 | afi012290 · age_up feudal |
| 12:47 | afi012290 · first_building Stable |
| 19:17 | afi012290 · age_up castle |
| 20:20 | David_77 · first_building Barracks |
| 21:05 | David_77 · wall_segment Palisade Wall x1 |
| 21:07 | David_77 · wall_segment Stone Wall x1 |
| 21:17 | afi012290 · first_building Siege Workshop |
| 21:59 | David_77 · first_market_buy 100 wood |
| 23:11 | David_77 · age_up castle |
| 24:38 | David_77 · first_building Castle |
| 28:14 | David_77 · first_building Siege Workshop |
| 33:09 | afi012290 · first_building Monastery |
| 37:55 | afi012290 · first_building Castle |
| 38:43 | David_77 · first_market_sell 500 wood |
| 38:44 | David_77 · age_up imperial |
| 42:13 | David_77 · first_building Archery Range |
| 44:55 | afi012290 · age_up imperial |
| 48:58 | afi012290 · first_market_sell 100 wood |
| 49:14 | David_77 · first_building Monastery |
[ AI ANALYSIS · 1 CREDIT ]
What really happened in this match?
Wolo.gg analyzes every decision: build order, eco, micro, common mistakes by bracket. Personalized analysis on WhatsApp or Discord in 30 seconds.
Civ guide
Teutons
Perfil
Jugador #5862890